 Dungeon Crawl Stone Soup version 0.32-a0-12-g7fc57aa741 (webtiles) character file.

Game seed: 484087575074007194

1531 Drazool the Chiller (level 8, -4/54 HPs)
             Began as an Octopode Ice Elementalist on Jan 13, 2024.
             Slain by a two-headed ogre
             ... wielding a +0 giant club
              (19 damage)
             ... on level 6 of the Dungeon on Jan 14, 2024.
             The game lasted 00:28:53 (6819 turns).

Drazool the Chiller (Octopode Ice Elementalist)     Turns: 6819, Time: 00:28:53

Health: -4/54      AC:  1    Str:  7    XL:     8   Next: 85%
Magic:  15/15      EV: 13    Int: 19    God:
Gold:   330        SH:  0    Dex: 13    Spells: 7/17 levels left

rFire   + . .        a - +1 dagger (drain)
rCold   . . .        (no shield)
rNeg    . . .        (helmet restricted)
rPois   .            (no amulet)
rElec   .            W - ring of willpower
rCorr   .            F - ring of protection from fire
SInv    .            (no ring)
Will    +....        (no ring)
Stlth   +++          (no ring)
HPRegen 0.29/turn    (no ring)
MPRegen 0.14/turn    (no ring)
                     (no ring)

%: no passive effects
@: lethally poisoned (-4 -> -11)
A: almost no armour, amphibious, 8 rings, camouflage 1, gelatinous body 1,
(nimble swimmer 1), tentacles
a: no special abilities


You were on level 6 of the Dungeon.
You visited 2 branches of the dungeon, and saw 7 of its levels.

You collected 330 gold pieces.


Innate Abilities, Weirdness & Mutations

You cannot wear most types of armour.
You are amphibious.
You can wear up to eight rings at the same time.
Your skin changes colour to match your surroundings (Stealth+).
Your rubbery body absorbs attacks. (AC +1, EV +1)
((You are camouflaged when in or above water. (Stealth+)))
You have tentacles for arms and can constrict up to eight enemies at once.


   Skills:
 - Level 4.0 Fighting
 - Level 3.0 Dodging
 - Level 3.0 Stealth
 - Level 5.0 Spellcasting
 - Level 6.0 Summonings
 + Level 6.6 Ice Magic


You had 7 spell levels left.
You knew the following spells:

 Your Spells              Type           Power      Damage    Failure   Level
b - Summon Ice Beast      Ice/Summ       28%        N/A       2%          3
f - Freeze                Ice            100%       1d10      1%          1
o - Ozocubu's Armour      Ice            30%        N/A       2%          3
r - Frozen Ramparts       Ice            60%        1d10      2%          3

Your spell library contained the following spells:

 Spells                   Type           Power      Damage    Failure   Level
 Mercury Vapours          Alch/Air       8%         N/A       19%         2
 Mephitic Cloud           Conj/Alch/Air  4%         N/A       36%         3
 Freezing Cloud           Conj/Ice/Air   6%         6-21      80%         5

Inventory:

Hand Weapons
 a - a +1 dagger of draining (weapon)
 b - a +0 sling
 j - a +0 dagger of venom
Missiles
 q - 5 javelins
Jewellery
 F - a ring of protection from fire (right tentacle)
 W - a ring of willpower (left tentacle)
Wands
 n - a wand of flame (25)
Scrolls
 f - a scroll of immolation
 i - a scroll of revelation
 k - a scroll of silence {!r}
 r - a scroll of summoning {unknown}
 s - a scroll of fear {unknown}
Potions
 c - a potion of magic
 d - a potion of enlightenment {unknown}
 e - 3 potions of curing {@q1}
 g - a potion of mutation {unknown}
 l - a potion of haste {unknown}
 m - a potion of heal wounds {unknown}
 o - a potion of attraction {unknown}
 p - 2 potions of berserk rage {unknown}
 t - a potion of resistance {unknown}

Dungeon Overview and Level Annotations

Branches:
Dungeon (6/15)             Temple (1/1) D:4

Altars:
Ashenzari
Dithmenos
Elyvilon
Gozag
Hepliaklqana
Kikubaaqudgha
Makhleb
Nemelex Xobeh
Okawaru
Ru
Trog
Uskayaw
Vehumet
Wu Jian
Xom
Yredelemnul
Zin
The Shining One

Shops:
D:5 [

Annotations:
D:2 1 runed translucent door, Crazy Yiuf
D:3 1 runed translucent door, Lahburn's ghost, amateur AtFi
D:4 2 transporters, Lahburn's ghost, amateur AtFi
D:5 3 runed translucent doors, ChongLi's ghost, weakling DsDe

≈≈≈≈~.... #
~~~~~.... #
......... #
▒▒▒▒▒▒▒▒▒
.......▒+
▒oK.....
.....
▒▒▒▒▒▒▒''▒▒▒▒
▒....gO@..#.▒
+...Ko....+.▒
+....K....#$▒
▒..O.o....▒$▒
▒▒▒▒▒▒▒▒▒▒▒ ▒
▒▒▒▒ ....
~h~~


You could see a two-headed ogre, 3 kobold brigands, an ogre, a gnoll sergeant,
an orc priest and 2 orcs.


Message History

The howler monkey attacks as it pursues you!
The howler monkey misses you.
The howler monkey hoots and howls with incredible vigour!
You hear a shout! x3; You hear a bark!
You hear a howl!
Your surroundings suddenly seem different.
A hound, an ogre and a howler monkey come into view.
Found 10 gold pieces and a scroll of identify.
The hound barks!
The ogre shouts!
The howler monkey howls!
You hear a bark!
Unknown command.
As you read the scroll of teleportation {@r2}, it crumbles to dust.
You feel strangely unstable. The hound bites you.
* * * LOW HITPOINT WARNING * * *
A hound comes into view.
Your surroundings suddenly seem different. 2 orcs, a gnoll sergeant, 2 ogres and 2 kobold brigands come into view.
A kobold brigand is wielding a +0 short sword and quivering poisoned darts.
A kobold brigand is wielding a +0 dagger and quivering poisoned darts.
Found 19 gold pieces.
Unknown command.
You open the large door.
An orc and a kobold brigand come into view.
The kobold brigand is wielding a +0 dagger and quivering curare-tipped darts.
The kobold brigand shouts!
The ogre shouts!
The orc priest shouts!
The gnoll sergeant shouts!
The kobold brigand shouts!
The kobold brigand throws a poisoned dart.
The poisoned dart hits you!
You are poisoned.
The two-headed ogre hits you with a +0 giant club.
* * * LOW HITPOINT WARNING * * *
The two-headed ogre hits you with a +0 giant club!!
You die...

Skill      XL: |  1  2  3  4  5  6  7  8 |
---------------+-------------------------+-----
Ice Magic      | 5 6 |  6.6
Spellcasting   | 3 5 |  5.0
Summonings     | 2 4 5 6 |  6.0
Fighting       | 1 4 |  4.0
Dodging        | 3 |  3.0
Stealth        | 3 |  3.0

Action                     |  1- 3 |  4- 6 |  7- 9 || total
---------------------------+-------+-------+-------++-------
  Melee: Dagger            |    17 |    13 |    28 ||    58
         Tentacles         |     4 |     5 |     9 ||    18
         Constrict         |     6 |     4 |     6 ||    16
         Unarmed           |     1 |       |       ||     1
         Punch             |       |       |     1 ||     1
   Fire: Sling             |    20 |    14 |       ||    34
   Cast: Freeze            |    34 |     2 |       ||    36
         Frozen Ramparts   |    12 |    19 |    12 ||    43
         Summon Ice Beast  |       |    17 |    32 ||    49
         Ozocubu's Armour  |       |     2 |     1 ||     3
  Evoke: Wand              |       |       |     4 ||     4
    Use: Scroll            |     1 |     2 |     5 ||     8
   Stab: Distracted        |       |       |     1 ||     1
         Sleeping          |       |       |     1 ||     1
 Armour: Skin              |    16 |    16 |    24 ||    56
  Dodge: Dodged            |    11 |    22 |    23 ||    56

Levels and vault maps discovered:
D:1:      heliophobic_arrival_battle_scene, layout_basic,
          shapermc_ecumenical_altar_gd
D:2:      layout_basic, chequers_arboretum, kennysheep_potato,
          uniq_crazy_yiuf_cottage, uniq_jessica
D:3:      layout_loops_ring, grunt_temple_overflow_lords_of_destruction,
          ebering_ghost_sewer_d
D:4:      layout_rooms, mainiacjoe_overflow_tiny_flanked,
          minmay_temple_entry_ruins, gammafunk_ghost_mausoleum,
          serial_park_tiny_2, eino_small_chamber_without_monster
D:5:      layout_rooms, ebering_ghost_rock_garden, serial_shops,
          nicolae_shop_tiny_real_fake_doors, hangedman_decor_growths,
          uniq_eustachio
D:6:      lemuel_castle_with_subvaults [lemuel_castle_interior_carwin_2],
          layout_basic, amcnicky_altar_gilded, elyvilon_altar_1
Temple:   hellmonk_temple_forest_ring

Notes
Turn   | Place    | Note
-------+----------+-------------------------------------------
     0 | D:1      | Drazool the Octopode Ice Elementalist began the quest for
                  | the Orb.
     0 | D:1      | Reached XP level 1. HP: 11/11 MP: 3/3
   306 | D:1      | Reached XP level 2. HP: 17/17 MP: 1/5
   920 | D:1      | Found a faded altar of an unknown god.
   937 | D:1      | Reached XP level 3. HP: 17/21 MP: 1/6
  1024 | D:1      | Learned a level 3 spell: Frozen Ramparts
  1040 | D:1      | Reached skill level 5 in Ice Magic
  1377 | D:2      | Found a runed translucent door.
  1378 | D:2      | Noticed Crazy Yiuf
  2099 | D:2      | Noticed Jessica
  2108 | D:2      | Killed Jessica
  2109 | D:2      | Reached skill level 3 in Spellcasting
  2109 | D:2      | Reached XP level 4. HP: 27/27 MP: 3/8
  2113 | D:2      | Learned a level 3 spell: Summon Ice Beast
  2174 | D:2      | Reached skill level 1 in Summonings
  2517 | D:3      | Reached skill level 2 in Summonings
  2517 | D:3      | Reached XP level 5. HP: 13/31 MP: 2/9
  3156 | D:3      | Reached skill level 3 in Summonings
  3290 | D:3      | Found a runed translucent door.
  3312 | D:3      | Noticed Lahburn's ghost (amateur AtFi)
  3889 | D:3      | Found a burning altar of Makhleb.
  3889 | D:3      | Found a radiant altar of Vehumet.
  3894 | D:3      | Reached skill level 4 in Summonings
  3894 | D:3      | Reached XP level 6. HP: 36/36 MP: 3/10
  4095 | D:4      | Noticed a black bear
  4151 | D:4      | Learned a level 3 spell: Ozocubu's Armour
  4289 | D:4      | Killed a black bear
  4290 | D:4      | Reached skill level 5 in Summonings
  4293 | D:4      | Reached skill level 1 in Fighting
  4293 | D:4      | Reached XP level 7. HP: 39/43 MP: 2/11
  4455 | D:4      | Found a hazy altar of Hepliaklqana.
  4464 | D:4      | Upgraded the game from 0.32-a0-7-ge934b4519a to
                  | 0.32-a0-12-g7fc57aa741
  4526 | D:4      | Reached skill level 2 in Fighting
  4605 | D:4      | Noticed Lahburn's ghost (amateur AtFi)
  4606 | D:4      | Found a transporter.
  4699 | D:4      | Found a staircase to the Ecumenical Temple.
  4719 | Temple   | Entered the Ecumenical Temple
  4824 | D:4      | Found a transporter.
  5068 | D:5      | Entered Level 5 of the Dungeon
  5076 | D:5      | Found a runed translucent gate.
  5077 | D:5      | Found a runed translucent gate.
  5078 | D:5      | Found a runed translucent gate.
  5080 | D:5      | Noticed ChongLi's ghost (weakling DsDe)
  5191 | D:5      | Noticed Eustachio
  5216 | D:5      | Killed Eustachio
  5217 | D:5      | Reached skill level 4 in Fighting
  5474 | D:5      | Reached XP level 8. HP: 48/54 MP: 6/13
  5547 | D:5      | Reached skill level 4 in Spellcasting
  5547 | D:5      | Reached skill level 6 in Summonings
  5550 | D:5      | Reached skill level 3 in Dodging
  5645 | D:5      | Reached skill level 3 in Stealth
  5677 | D:5      | Found Qerphuykk's Antique Armour Emporium.
  6287 | D:6      | Found a white marble altar of Elyvilon.
  6310 | D:6      | Found an ancient bone altar of Kikubaaqudgha.
  6365 | D:6      | Reached skill level 6 in Ice Magic
  6703 | D:6      | Reached skill level 5 in Spellcasting
  6817 | D:6      | Noticed a two-headed ogre
  6819 | D:6      | Slain by a two-headed ogre

Vanquished Creatures
  An ogre (D:5)
  2 scorpions
  2 hounds
  A gnoll bouda (D:6)
  An iguana (D:5)
  Jessica (D:2)
  An orc wizard (D:3)
  4 gnolls (D:6)
  An adder (D:2)
  A nameless horror (D:3)
  2 ufetubi (D:5)
  A dart slug (D:1)
  3 ribbon worms (D:2)
  2 orcs (D:3)
  6 endoplasms
  A giant cockroach (D:1)
  8 goblins
  9 hobgoblins
  4 jackals (D:2)
  3 quokkas
  5 ball pythons
  8 bats
  5 frilled lizards
  4 kobolds
  2 rats (D:1)
78 creatures vanquished.

Vanquished Creatures (collateral kills)
  Eustachio (D:5)
  A black bear (D:4)
  An ogre (D:6)
  A centaur (D:6)
  A gnoll sergeant (D:6)
  3 scorpions
  A crimson imp (D:3)
  3 bombardier beetles
  A jelly (D:4)
  2 hounds (D:5)
  An orc wizard (D:3)
  3 gnolls (D:6)
  7 adders
  A white imp (D:5)
  4 orcs
  9 endoplasms
  A giant cockroach (D:4)
  8 hobgoblins
  A frilled lizard (D:3)
  2 goblins (D:4)
  3 rats (D:3)
55 creatures vanquished.

Grand Total: 133 creatures vanquished

Table legend: (Time is in decaauts)
 A = Elapsed time spent in this place.
 B = Non-inter-level travel time spent in this place.
 C = Inter-level travel time spent in this place.
 D = Time resting spent in this place.
 E = Time spent auto-exploring this place.
 F = Levels seen in this place.
 G = Mean time per level.
                   A        B        C        D        E       F      G
               +--------+--------+--------+--------+--------+-----+--------+
         Total |   6825 |   6503 |    322 |    922 |   4376 |   7 |  975.0 |
       Dungeon |   6824 |   6503 |    321 |    922 |   4376 |   6 | 1137.3 |
        Temple |      1 |      0 |      1 |      0 |      0 |   1 |    1.0 |
               +--------+--------+--------+--------+--------+-----+--------+

Top non-repeatable levels by time:
     D:3: 1677 daAuts
     D:2: 1311 daAuts
     D:1: 1168 daAuts
     D:5: 1071 daAuts
     D:4: 917 daAuts
     D:6: 677 daAuts
  Temple: 1 daAuts

Table legend:
 A = Non-vault XP
 B = Vault XP
 C = Vault XP percentage of total XP
 D = Non-vault monster count
 E = Vault monster count
 F = Vault count percentage of total count
                 A         B        C        D         E       F
            +---------+---------+-------+---------+---------+-------
      Total |    1891 |     297 |  13.6 |     127 |       5 |   3.8
            +---------+---------+-------+---------+---------+-------
        D:1 |      43 |       0 |   0.0 |      24 |       0 |   0.0
        D:2 |      56 |      39 |  41.1 |      23 |       3 |  11.5
        D:3 |     175 |      50 |  22.2 |      31 |       1 |   3.1
        D:4 |     366 |       0 |   0.0 |      20 |       0 |   0.0
        D:5 |     645 |     208 |  24.4 |      15 |       1 |   6.2
        D:6 |     606 |       0 |   0.0 |      14 |       0 |   0.0
            +---------+---------+-------+---------+---------+-------
